 Dungeon Crawl Stone Soup version 0.29-a0-322-g68df515428 (webtiles) character file.

Game seed: 2329399094349144355

10376 jisko22 the Cleaver (level 11, -7/92 HPs)
             Began as a Hill Orc Fire Elementalist on Apr 6, 2022.
             Was a Priest of Vehumet.
             Killed by divine providence
             ... invoked by a meliai
              (11 damage)
             ... in a Gauntlet.
             The game lasted 01:06:21 (16256 turns).

jisko22 the Cleaver (Hill Orc Fire Elementalist)   Turns: 16256, Time: 01:06:21

Health: -7/92      AC: 12    Str: 17    XL:     11   Next: 61%
Magic:  23/27      EV: 15    Int: 17    God:    Vehumet [***...]
Gold:   511        SH:  0    Dex: 11    Spells: 9/19 levels left

rFire   . . .      SeeInvis .   x - +5 hand axe (freeze)
rCold   . . .      Faith    .   (no shield)
rNeg    . . .      Spirit   .   I - +2 ring mail of Bursted Salvation {Str+3 Stlth+}
rPois   +          Reflect  .   u - +0 helmet
rElec   .          Harm     .   (no cloak)
rCorr   .          Rampage  .   (no gloves)
Will    .....      NoTele   +   l - +2 pair of boots
Stlth   ++........              (no amulet)
HPRegen 0.25/turn               c - +4 ring of evasion
MPRegen 0.20/turn               E - ring of Violo Naph {rPois MP+9}

@: studying Earth Magic
A: MP-powered wands
a: Renounce Religion


You were in a Gauntlet.
You worshipped Vehumet.
Vehumet was most pleased with you.
You visited 3 branches of the dungeon, and saw 11 of its levels.
You also visited: Sewer, Gauntlet and Ice Cave.

You collected 511 gold pieces.

Inventory:

Hand Weapons
 d - a +0 battleaxe
 f - a +0 dagger
 m - a +0 short sword
 o - a +1 hand axe of flaming
 p - a +0 war axe
 x - a +5 hand axe of freezing (weapon)
Missiles
 B - 2 throwing nets
Armour
 a - a +0 robe
 h - a +0 leather armour
 i - a +0 ring mail
 l - a +2 pair of boots (worn)
 q - a +0 pair of boots
 u - a +0 helmet (worn)
 w - +0 steam dragon scales
 I - the +2 ring mail of Bursted Salvation (worn) {Str+3 Stlth+}
   (You found it on level 7 of the Dungeon)

   Str:       It affects your strength (+3).
   Stlth:     It makes you more stealthy.
Jewellery
 c - a +4 ring of evasion (left hand)
 e - a ring of protection from fire
 r - a ring of protection from cold
 E - the ring of Violo Naph (right hand) {rPois MP+9}
   (You found it in a sewer)

   [ring of magical power]

   rPois:     It protects you from poison.
   MP:        It affects your magic capacity (+9).
 N - the ring of Fotedomn {rElec rC+ Str-4 Dex+2}
   (You found it in a Gauntlet)

   [ring of protection from cold]

   Str:       It affects your strength (-4).
   Dex:       It affects your dexterity (+2).
   rC:        It protects you from cold.
   rElec:     It insulates you from electricity.
Wands
 y - a wand of flame (9)
 J - a wand of polymorph (8)
Scrolls
 n - 2 scrolls of teleportation
 C - a scroll of blinking
 L - a scroll of identify
Potions
 b - a potion of magic
 g - 2 potions of might
 j - 2 potions of resistance
 k - a potion of mutation
 s - a potion of invisibility
 t - a potion of cancellation
 z - a potion of lignification
 A - a potion of curing
 F - a potion of brilliance
 G - 4 potions of flight
 K - 2 potions of attraction
Miscellaneous
 v - a condenser vane
 D - a lightning rod (3/4)
 M - a phantom mirror


   Skills:
 - Level 7.2 Fighting
 - Level 11.2 Axes
 - Level 5.0 Armour
 - Level 3.5 Dodging
 - Level 1.5 Stealth
 - Level 4.9 Spellcasting
 - Level 6.1 Conjurations
 - Level 10.4 Fire Magic
 - Level 0.2 Earth Magic
 + Level 4.0 Evocations


You had 9 spell levels left.
You knew the following spells:

 Your Spells              Type           Power      Damage    Failure   Level
a - Foxfire               Conj/Fire      100%       2x1d9     1%          1
b - Scorch                Fire           78%        2d8       1%          2
c - Flame Wave            Conj/Fire      32%        2d8       2%          4
d - Conjure Flame         Conj/Fire      32%        6-21      1%          3

Your spell library contained the following spells:

 Spells                   Type           Power      Damage    Failure   Level
 Hailstorm                Conj/Ice       14%        3d5       17%         4
 Inner Flame              Hex/Fire       21%        N/A       2%          3
 Ozocubu's Armour         Ice            4%         N/A       58%         3
 Metabolic Englaciation   Hex/Ice        2%         N/A       100%        5
 Simulacrum               Ice/Necr       2%         N/A       100%        6


Dungeon Overview and Level Annotations

Branches:
Dungeon (9/15)             Temple (1/1) D:4            Lair (2/6) D:8
    Orc (0/2) D:9           Sewer (visited)           IceCv (visited)
Gauntlet (1/1)
  Swamp: Lair:2-4    Shoals: Lair:2-4     Snake: Lair:2-4    Spider: Lair:2-4

Altars:
Ashenzari
Cheibriados
Dithmenos
Kikubaaqudgha
Sif Muna
Trog
Vehumet
Wu Jian
Yredelemnul

Annotations:
D:4 1 runed translucent door, Crazy Yiuf Gauntlet 4 transporters, 2 runed translucent doors


Innate Abilities, Weirdness & Mutations

You expend magic power (3 MP) to strengthen your wands.


Message History

The meliai invokes the aid of its god against you.
Something smites you!
The meliai mumbles some strange prayers to its god against you.
Something smites you!
Found a great mace, a smoking long sword and a slimy cloak.
Found a transporter.
The meliai mumbles some strange prayers to its god against the meliai.
Something smites you!
The meliai enters a dispersal trap!
The meliai blinks! x3
You blink.
Found a scroll of fear.
The meliai blinks!
The meliai mumbles some strange prayers to its god against you.
Something smites you!
The meliai mumbles some strange prayers to its god against something.
Something smites you!
Blink to where?
Press: ? - help, Dir - move target
As you read the scroll of blinking, it crumbles to dust.
The meliai closely misses you. The meliai misses you.
The meliai enters a dispersal trap!
The meliai blinks! x4; You blink.
The meliai blinks!
The meliai hits you with a +0 hand axe!
* * * LOW HITPOINT WARNING * * *
The meliai completely misses you.
Okay, then.
Casting: Scorch (safe; 1% risk of failure)
Confirm with . or Enter, or press ? or * to list all spells.
Casting: Flame Wave (dangerous; 2% risk of failure)
Press: ? - help, Dir - look around, f - activate A wave of flame ripples out!
The flame wave engulfs the meliai!
The meliai is moderately wounded.
The flame wave engulfs the meliai.
The meliai is lightly wounded. (Press . to intensify the flame waves.)
The meliai barely misses you. The meliai stings you!
* * * LOW HITPOINT WARNING * * *
The meliai barely misses you. The meliai closely misses you.
The meliai invokes the aid of its god against you.
Something smites you!
* * * LOW HITPOINT WARNING * * *
The meliai calls down the wrath of its god upon you.
Something smites you!
You die...

######[###+ §...#..
#.....#...#...42
#...#?.#.w....#...######
≈...###########.........
#...............8.....8.
##.8.....8..............
#≈...............#######
.##...#########...#?#^.#^
..#...#.@8#8..#...#..#..#
8.#...#yyy8.§.######..#..
..#...#).8§8.8#.÷.#u#..#.
8.#.8.#§8^©^8##©.©#©.#^.#
..#...#.§8.8.8#...#.#..#.
8.#...#)..8...######..#.P
..#...#..8#8§.#...#GP#..#
.##...#########...#(#^.#.
#≈...............#######


You could see a swamp worm and 3 meliai.

Vanquished Creatures
  2 two-headed ogres (D:8)
  A centaur warrior (D:8)
  Pikel (D:8)
  An ugly thing (Gauntlet)
  2 cyclopes
  Joseph (D:8)
  Maggie (D:7)
  A komodo dragon (D:8)
  3 blink frogs (Lair:1)
  A vampire (D:8)
  Sigmund (D:6)
  A wyvern (D:8)
  A steam dragon (D:7)
  4 vampire mosquitoes (D:8)
  3 water moccasins
  Duvessa (D:4)
  2 ice beasts
  3 orc warriors
  2 sky beasts
  2 black bears (D:5)
  An ogre (D:4)
  6 wolves (Lair:1)
  A centaur (D:7)
  4 kobold brigands
  3 lemures (D:8)
  9 bullfrogs
  2 gnoll sergeants
  2 scorpions (D:7)
  Dowan (D:4)
  4 wights (D:6)
  8 killer bees (D:8)
  2 electric eels (D:8)
  2 howler monkeys
  3 orc priests
  A gnoll shaman (D:8)
  A hound (D:5)
  2 jellies
  2 iguanas (D:6)
  5 orc wizards
  12 gnolls
  13 adders
  A river rat (D:6)
  A shadow imp (D:8)
  2 white imps
  2 dart slugs
  18 orcs
  10 endoplasms
  10 giant cockroaches
  5 goblins
  3 hobgoblins
  14 kobolds
  13 quokkas
  12 ball pythons
  A bat (D:1)
  10 frilled lizards
  A rat (D:1)
221 creatures vanquished.

Vanquished Creatures (collateral kills)
  7 foxfires
7 creatures vanquished.

Vanquished Creatures (others)
  A minotaur (D:1)
  2 elves (D:1)
  A merfolk (D:1)
  2 formicids (D:1)
  2 vampires (D:1)
  A human (D:1)
  3 tengu (D:1)
  A mummy (D:1)
  2 gnolls (D:1)
  11 demonic plants (Gauntlet)
  324 foxfires
  59 plants (D:8)
  4 tentacles (D:1)
  A withered plant (D:6)
414 creatures vanquished.

Grand Total: 642 creatures vanquished

Notes
Turn   | Place    | Note
-------+----------+-------------------------------------------
     0 | D:1      | jisko22 the Hill Orc Fire Elementalist began the quest for
                  | the Orb.
     0 | D:1      | Reached XP level 1. HP: 14/14 MP: 3/3
     2 | D:1      | Noticed a tengu
     2 | D:1      | Noticed a merfolk
     2 | D:1      | Noticed a human
     2 | D:1      | Noticed a vampire
     2 | D:1      | Noticed an elf
     2 | D:1      | Noticed a formicid
     2 | D:1      | Noticed a kraken
     2 | D:1      | Noticed a tengu
     2 | D:1      | Noticed a vampire
     2 | D:1      | Noticed an elf
     2 | D:1      | Noticed a tengu
     2 | D:1      | Noticed a minotaur
     2 | D:1      | Noticed a formicid
     3 | D:1      | Killed a tengu
     5 | D:1      | Killed an elf
     5 | D:1      | Killed a vampire
     7 | D:1      | Killed a human
     8 | D:1      | Killed a tengu
     8 | D:1      | Killed a merfolk
    10 | D:1      | Killed an elf
    10 | D:1      | Killed a formicid
    11 | D:1      | Killed a vampire
    12 | D:1      | Killed a tengu
    15 | D:1      | Killed a minotaur
    15 | D:1      | Killed a formicid
   641 | D:1      | Reached XP level 2. HP: 20/20 MP: 2/4
   644 | D:1      | Learned a level 2 spell: Scorch
  1196 | D:1      | Found a faded altar of an unknown god.
  1636 | D:1      | Reached skill level 1 in Fighting
  1996 | D:1      | Reached XP level 3. HP: 22/28 MP: 2/5
  2753 | D:2      | You fall into a shaft and drop 2 floors!
  2826 | D:4      | Noticed an ogre
  2887 | D:4      | Found a shadowy altar of Dithmenos.
  3215 | D:4      | Reached skill level 1 in Armour
  3259 | D:4      | Reached skill level 1 in Axes
  3259 | D:4      | Reached XP level 4. HP: 24/36 MP: 6/6
  3374 | D:4      | Found a runed translucent door.
  3375 | D:4      | Noticed Crazy Yiuf
  3413 | D:4      | Found a staircase to the Ecumenical Temple.
  3442 | Temple   | Entered the Ecumenical Temple
  3705 | Temple   | Became a worshipper of Vehumet
  3742 | D:4      | Reached XP level 5. HP: 38/41 MP: 0/8
  3944 | D:4      | Noticed Duvessa
  3984 | D:4      | Noticed Dowan
  4003 | D:4      | Killed Duvessa
  4004 | D:4      | Reached skill level 2 in Axes
  4011 | D:4      | HP: 1/42 [Dowan/shard of ice (14)]
  4012 | D:4      | Killed Dowan
  4013 | D:4      | Reached XP level 6. HP: 2/50 MP: 7/9
  4283 | D:4      | Reached skill level 3 in Axes
  4319 | D:4      | Reached skill level 5 in Fire Magic
  4578 | D:4      | Found an ornate altar of the Wu Jian Council.
  4721 | D:5      | Entered Level 5 of the Dungeon
  4730 | D:5      | Gained mutation: You expend magic power (3 MP) to
                  | strengthen your wands. [potion of mutation]
  5482 | D:5      | Noticed a black bear
  5489 | D:5      | Killed a black bear
  5490 | D:5      | Reached XP level 7. HP: 56/56 MP: 2/10
  5916 | D:5      | Reached skill level 4 in Axes
  7077 | D:6      | Noticed Sigmund
  7085 | D:6      | Killed Sigmund
  7086 | D:6      | Reached skill level 5 in Axes
  7086 | D:6      | Reached XP level 8. HP: 56/63 MP: 1/12
  7209 | D:6      | Found a basalt altar of Yredelemnul.
  7445 | D:6      | Learned a level 4 spell: Flame Wave
  7449 | D:6      | Learned a level 3 spell: Conjure Flame
  7563 | D:6      | Reached skill level 6 in Axes
  7586 | D:6      | Found a glowing drain.
  7591 | Sewer    | Entered a sewer
  7605 | Sewer    | Reached * piety under Vehumet
  7605 | Sewer    | Offered knowledge of Freeze by Vehumet.
  8265 | Sewer    | Reached ** piety under Vehumet
  8265 | Sewer    | Offered knowledge of Sandblast by Vehumet.
  8322 | Sewer    | Identified the ring of Violo Naph {rPois MP+9}
  8431 | D:6      | Reached XP level 9. HP: 72/72 MP: 13/13
  8577 | D:6      | Reached skill level 7 in Axes
  9237 | D:7      | Noticed Maggie
  9256 | D:7      | Killed Maggie
  9387 | D:7      | Reached skill level 5 in Fighting
  9767 | D:7      | Identified the +2 ring mail of Bursted Salvation {Str+3
                  | Stlth+}
  9810 | D:7      | Reached skill level 8 in Axes
 10178 | D:8      | Noticed Pikel
 10191 | D:8      | Killed Pikel
 10192 | D:8      | Reached skill level 5 in Armour
 10500 | D:8      | Reached XP level 10. HP: 82/82 MP: 9/16
 10719 | D:8      | Reached skill level 9 in Axes
 10719 | D:8      | Reached skill level 5 in Conjurations
 11141 | D:8      | Offered knowledge of Searing Ray by Vehumet.
 11753 | D:8      | Noticed Joseph
 11763 | D:8      | Killed Joseph
 11953 | D:8      | Noticed a centaur warrior
 11953 | D:8      | Noticed a cyclops
 11977 | D:7      | Killed a cyclops
 12211 | D:8      | Reached *** piety under Vehumet
 12441 | D:8      | Noticed a two-headed ogre
 12455 | D:8      | Killed a two-headed ogre
 12456 | D:8      | Reached skill level 10 in Axes
 12737 | D:8      | Noticed a cyclops
 12755 | D:8      | Killed a cyclops
 12889 | D:8      | Reached XP level 11. HP: 91/91 MP: 15/17
 13111 | D:8      | Noticed a centaur warrior
 13800 | D:8      | Reached skill level 10 in Fire Magic
 13832 | D:8      | Killed a centaur warrior
 13870 | D:8      | Noticed a two-headed ogre
 13871 | D:8      | Noticed a goliath frog
 13880 | D:8      | Noticed an orb spider
 15015 | D:8      | Noticed a two-headed ogre
 15027 | D:8      | Killed a two-headed ogre
 15028 | D:8      | Reached skill level 11 in Axes
 15129 | D:8      | Found a staircase to the Lair.
 15149 | Lair:1   | Entered Level 1 of the Lair of Beasts
 15365 | Lair:1   | Offered knowledge of Hailstorm by Vehumet.
 15366 | Lair:1   | Reached skill level 1 in Evocations
 15445 | Lair:1   | Found a frozen archway.
 15456 | IceCv    | Entered an ice cave
 15456 | IceCv    | Noticed a white ugly thing
 15926 | Lair:2   | Found a gate leading to a gauntlet.
 15978 | Gauntlet | Entered a Gauntlet
 15978 | Gauntlet | Found a transporter.
 15987 | Gauntlet | Noticed a brown ugly thing
 15990 | Gauntlet | Found a runed translucent door.
 15992 | Gauntlet | Found a transporter.
 15993 | Gauntlet | Noticed a brown ugly thing
 15994 | Gauntlet | Found a transporter.
 15996 | Gauntlet | Noticed a green death
 16000 | Gauntlet | Found a runed translucent door.
 16002 | Gauntlet | Found a transporter.
 16005 | Gauntlet | Found a transporter.
 16005 | Gauntlet | Found a transporter.
 16005 | Gauntlet | Noticed a great orb of eyes
 16026 | Gauntlet | Identified the ring of Fotedomn {rElec rC+ Str-4 Dex+2}
 16037 | Gauntlet | Killed a cyan ugly thing
 16253 | Gauntlet | Found a transporter.
 16256 | Gauntlet | HP: 4/92 [meliai/divine providence (13)]
 16256 | Gauntlet | Killed from afar by a meliai

Illustrated notes

Levels and vault maps discovered:
D:1:      nicolae_arrival_kraken_aquarium_b, layout_loops_ring,
          hellmonk_ecumenical_altar_blasted, minmay_unequal
D:2:      layout_basic
D:4:      layout_rooms, nicolae_dithmenos_through_a_glass_darkly,
          mainiacjoe_overflow_alcove_4, minmay_temple_entry_sparse_star,
          uniq_duvessa, uniq_crazy_yiuf_cottage
D:5:      layout_basic
D:6:      layout_rooms, yredelemnul_altar_generic,
          cheibrodos_sewer_entry_sluice, uniq_sigmund
D:7:      layout_basic, uniq_maggie
D:8:      nzn_winding_woodlands_stair_cross
          [nzn_winding_woodlands_5x15_lazy_stream,
          nzn_winding_woodlands_center_triple_pond,
          nzn_winding_woodlands_5x15_garden, nzn_winding_woodlands_5x5_default,
          nzn_winding_woodlands_5x5_default, nzn_winding_woodlands_5x15_crooked,
          nzn_winding_woodlands_center_garden,
          nzn_winding_woodlands_5x15_jagged], layout_loops_corners,
          david_lair_shrubbed, uniq_pikel, uniq_joseph
D:9:      layout_long_grid, mainiacjoe_overflow_chevrons, orc_0_dummy
Temple:   eino_wide_crystal_templ
Lair:1:   layout_hall_layers, portal_ice_cave_entry_pillars_2,
          grunt_forest_small_clearings, lemuel_fruit_fields
Lair:2:   layout_misc_corridors, spider_nest_entry_webs, gauntlet_entry_generic,
          worms_lemuel
Gauntlet: minmay_gauntlet_mixed_oops_all_seconds [minmay_gauntlet_arena_77_box,
          gammafunk_gauntlet_arena_arrow_garden,
          minmay_gauntlet_arena_77_shame_cube, gammafunk_gauntlet_arena_crates,
          minmay_gauntlet_arena_77_terracotta_army, nicolae_gauntlet_swirl,
          gauntlet_exit_green]

Skill      XL: |  1  2  3  4  5  6  7  8  9 10 11 |
---------------+----------------------------------+-----
Fighting       | 1 2 3 4 5 6 7 |  7.2
Fire Magic     | 4 5 6 7 8 9 10 | 10.4
Armour         | 1 2 3 4 5 |  5.0
Axes           | 1 2 3 5 6 8 10 11 | 11.2
Spellcasting   | 2 3 4 |  4.9
Conjurations   | 2 3 4 5 6 |  6.1
Dodging        | 3 |  3.5
Evocations     | 4 |  4.0
Stealth        | |  1.5
Earth Magic    | |  0.2

Action                   |  1- 3 |  4- 6 |  7- 9 | 10-12 || total
-------------------------+-------+-------+-------+-------++-------
Melee: Dagger            |    13 |       |       |       ||    13
       Unarmed           |     3 |       |       |       ||     3
       Punch             |     1 |       |     1 |     1 ||     3
       War axe           |    12 |    29 |       |       ||    41
       Hand axe          |       |       |    58 |    36 ||    94
 Cast: Foxfire           |    46 |    14 |    81 |    63 ||   204
       Scorch            |     5 |    17 |    88 |   112 ||   222
       Flame Wave        |       |       |       |     8 ||     8
       Conjure Flame     |       |       |       |     3 ||     3
Evoke: Wand              |       |       |     2 |     2 ||     4
       Lightning rod     |       |       |     1 |     2 ||     3
  Use: Scroll            |     1 |    11 |     9 |     8 ||    29
       Potion            |     4 |     3 |     1 |     3 ||    11
 Stab: Sleeping          |     1 |       |       |       ||     1
       Invisible         |       |     2 |       |       ||     2
Armor: Leather armour    |    11 |     8 |       |       ||    19
       Ring mail         |       |       |    22 |    61 ||    83
       Steam dragon scal |       |       |     6 |       ||     6
Dodge: Dodged            |    24 |    29 |    79 |   144 ||   276

Table legend: (Time is in decaauts)
 A = Elapsed time spent in this place.
 B = Non-inter-level travel time spent in this place.
 C = Inter-level travel time spent in this place.
 D = Time resting spent in this place.
 E = Time spent auto-exploring this place.
 F = Levels seen in this place.
 G = Mean time per level.
                   A        B        C        D        E       F      G
               +--------+--------+--------+--------+--------+-----+--------+
         Total |  16354 |  16042 |    312 |   9376 |   3501 |  14 | 1168.1 |
       Dungeon |  14087 |  13848 |    239 |   8335 |   3055 |   8 | 1760.9 |
        Temple |    270 |    270 |      0 |    245 |      4 |   1 |  270.0 |
          Lair |    823 |    750 |     73 |    100 |    416 |   2 |  411.5 |
         Sewer |    888 |    888 |      0 |    480 |     26 |   1 |  888.0 |
      Ice Cave |      2 |      2 |      0 |      0 |      0 |   1 |    2.0 |
      Gauntlet |    281 |    281 |      0 |    216 |      0 |   1 |  281.0 |
               +--------+--------+--------+--------+--------+-----+--------+

Top non-repeatable levels by time:
     D:8: 3741 daAuts
     D:1: 2450 daAuts
     D:7: 2200 daAuts
     D:4: 2109 daAuts
     D:5: 1961 daAuts
     D:6: 1183 daAuts
   Sewer: 888 daAuts
  Lair:1: 771 daAuts
     D:2: 301 daAuts
Gauntlet: 281 daAuts
  Temple: 270 daAuts
     D:9: 139 daAuts
  Lair:2: 51 daAuts
   IceCv: 2 daAuts
